Map: Dusk Towers

Players

HuK - Winner!

  • Race: Protoss Protoss

Iaguz

  • Race: Terran Terran

Event: DreamHack Open Tours WCS Spring Championship

VOD

Have the link to the VOD?

Description

Time

  • Played on: May 14, 2016, 12:20 p.m.
  • Length: 12:39

All games in this series

Show
View Real Time Build Order
Export as new Build Order

HuK Protoss - Winner!

Build Orders: 1 Gate Expand, Blink Stalkers 

Get SALT Encoding   

  12  0:00  Probe (Chrono Boost)  
  13  0:11  Probe (Chrono Boost)  
  14  0:18  Pylon  
  14  0:22  Probe (Chrono Boost)  
  15  0:36  Probe (Chrono Boost), Gateway  
  15  0:41  Assimilator  
  16  0:47  Probe (Chrono Boost)  
  17  0:57  Probe (Chrono Boost)  
  18  1:08  Probe (Chrono Boost)  
  20  1:18  Probe (Chrono Boost)  
  20  1:23  Cybernetics Core  
  20  1:29  Probe (Chrono Boost)  
  21  1:33  Nexus  
  21  1:39  Probe (Chrono Boost)  
  22  1:44  Pylon  
  22  1:49  Assimilator  
  22  1:51  Probe (Chrono Boost)  
  23  1:59  Warp Gate  
  23  2:02  Probe (Chrono Boost)  
  23  2:04  Adept  
  26  2:13  Probe (Chrono Boost)  
  27  2:23  Probe (Chrono Boost)  
  27  2:34  Probe (Chrono Boost)  
  28  2:44  Probe (Chrono Boost)  
  28  2:47  Twilight Council  
  28  2:48  Probe (Chrono Boost)  
  30  2:55  Probe (Chrono Boost)  
  31  3:00  Probe (Chrono Boost)  
  31  3:04  Nexus  
  32  3:08  Probe (Chrono Boost)  
  32  3:11  Probe (Chrono Boost)  
  34  3:18  Probe (Chrono Boost)  
  34  3:19  Blink (Chrono Boost)  
  35  3:21  Probe (Chrono Boost)  
  35  3:22  Gateway  
  36  3:31  Probe (Chrono Boost), Mothership Core (Chrono Boost)  
  39  3:38  Pylon  
  39  3:43  Probe (Chrono Boost), Gateway  
  40  3:53  Probe (Chrono Boost)  
  41  3:57  Probe (Chrono Boost)  
  42  4:02  Sentry  
  42  4:05  Probe (Chrono Boost)  
  42  4:07  Probe (Chrono Boost), Robotics Facility  
  46  4:10  Assimilator  
  46  4:11  Assimilator  
  46  4:13  Forge  
  46  4:16  Gateway  
  46  4:19  Probe (Chrono Boost)  
  46  4:20  Probe x2 (Chrono Boost)  
  49  4:26  Sentry, Pylon  
  49  4:29  Probe (Chrono Boost)  
  49  4:31  Probe (Chrono Boost)  
  53  4:34  Probe (Chrono Boost)  
  53  4:38  Protoss Ground Weapons Level 1 (Chrono Boost)  
  54  4:40  Probe (Chrono Boost), Pylon  
  54  4:41  Stalker  
  54  4:43  Probe (Chrono Boost)  
  54  4:45  Probe (Chrono Boost)  
  59  4:51  Stalker  
  61  4:54  Stalker  
  61  4:56  Probe  
  61  4:57  Probe  
  65  5:01  Pylon  
  65  5:04  Probe  
  65  5:06  Resonating Glaives  
  66  5:09  Warp Prism (Chrono Boost)  
  66  5:11  Probe  
  69  5:16  Stalker  
  69  5:17  Stalker  
  73  5:23  Stalker  
  73  5:25  Probe x2  
  77  5:29  Probe  
  77  5:31  Stalker  
  77  5:34  Pylon  
  80  5:39  Probe  
  81  5:46  Immortal (Chrono Boost)  
  85  5:53  Adept x3  
  85  5:54  Adept  
  91  5:58  Gateway  
  91  5:59  Gateway  
  91  6:04  Pylon  
  91  6:08  Pylon  
  91  6:10  Pylon  
  91  6:15  Adept x2  
  91  6:16  Sentry  
  97  6:20  Immortal (Chrono Boost)  
  97  6:25  Pylon x2  
  101  6:38  Adept x3  
  107  6:42  Sentry  
  107  6:44  Probe  
  110  6:49  Gateway x2  
  110  6:51  Gateway  
  110  7:00  Adept x3  
  108  7:06  Adept  
  108  7:07  Protoss Ground Weapons Level 2 (Chrono Boost)  
  108  7:08  Probe x2  
  112  7:11  Immortal (Chrono Boost)  
  112  7:12  Probe  
  117  7:16  Assimilator  
  117  7:20  Probe  
  117  7:21  Assimilator  
  118  7:23  Forge  
  118  7:27  Adept x2  
  118  7:28  Adept x4  
  116  7:48  Immortal (Chrono Boost), Adept x5  
  116  7:49  Adept  
  126  7:56  Probe x2  
  114  8:06  Protoss Ground Armor Level 1 (Chrono Boost)  
  114  8:09  Probe  
  113  8:14  Stargate x2  
  113  8:22  Immortal  
  113  8:24  Pylon  
  113  8:25  Adept x4  
  113  8:26  Adept x2  
  129  8:31  Photon Cannon x2  
  133  9:10  Fleet Beacon, Stalker x3  
  133  9:11  Stalker x5  
  133  9:15  Pylon  
  142  9:17  Pylon  
  142  9:19  Pylon  
  142  9:23  Observer (Chrono Boost)  
  139  9:25  Protoss Ground Weapons Level 3 (Chrono Boost)  
  139  9:37  Photon Cannon  
  96  9:54  Probe x2  
  98  10:06  Stalker x2  
  100  10:07  Probe  
  100  10:12  Tempest x2 (Chrono Boost)  
  103  10:23  Probe x2  
  105  10:32  Stalker  
  105  10:33  Stalker x3  
  113  10:46  Nexus  
  113  10:47  Tempest  
  113  10:51  Sentry x3  
  123  11:04  Tempest, Observer  
  128  11:30  Adept x5  
  128  11:31  Adept x4  
  146  11:33  Pylon  
  145  11:47  Tempest x2  
  153  11:55  Stalker x3  
  153  11:57  Zealot x4  
  167  12:13  Adept x2  
  142  12:21  Adept x5  
  150  12:34  Stalker x4  
Show
View Real Time Build Order
Export as new Build Order

Iaguz Terran 

Build Orders: Command Center First (CC), MMM Bio 

Get SALT Encoding   

  12  0:00  SCV  
  13  0:12  SCV  
  14  0:17  Supply Depot  
  14  0:25  SCV  
  15  0:39  SCV  
  16  0:51  SCV  
  17  0:59  Command Center  
  17  1:03  SCV  
  18  1:12  Barracks  
  18  1:16  SCV  
  19  1:28  SCV  
  19  1:30  Barracks  
  20  1:40  SCV  
  20  1:45  Barracks  
  21  1:52  SCV  
  22  1:59  Marine  
  23  2:07  Orbital Command  
  23  2:12  Orbital Command  
  23  2:17  Marine  
  23  2:18  Marine  
  25  2:25  Refinery  
  25  2:29  Refinery  
  25  2:32  Marine  
  25  2:34  SCV  
  25  2:36  Marine  
  28  2:39  SCV  
  29  2:46  SCV  
  29  2:48  Marine  
  29  2:50  Marine  
  32  2:52  SCV  
  32  2:57  Marine  
  33  3:01  SCV  
  33  3:04  Supply Depot  
  34  3:08  Marine, Barracks Tech Lab  
  34  3:11  SCV  
  36  3:13  SCV  
  36  3:17  Marine  
  38  3:24  Supply Depot  
  38  3:25  SCV x2, Marine  
  41  3:28  Marine  
  41  3:31  Stimpack  
  42  3:37  SCV x2, Marine  
  42  3:40  Factory  
  45  3:45  Barracks Reactor  
  45  3:49  SCV x2  
  45  3:54  Marauder  
  49  4:01  Barracks Tech Lab  
  49  4:02  SCV x2  
  50  4:07  Supply Depot  
  50  4:08  Supply Depot  
  50  4:11  Refinery  
  50  4:14  SCV x2  
  52  4:21  Combat Shields  
  54  4:27  Marine x2  
  54  4:28  SCV x2  
  56  4:31  Marine x2  
  56  4:33  Starport  
  56  4:38  Supply Depot, Factory Reactor  
  58  4:41  SCV x2  
  58  4:45  Marine x2  
  62  4:53  Marauder x2  
  62  4:54  Engineering Bay  
  66  5:02  SCV  
  66  5:03  SCV  
  66  5:04  Supply Depot  
  66  5:06  Supply Depot  
  68  5:10  Marine x2  
  70  5:16  Marauder x2  
  70  5:20  Medivac  
  78  5:25  Medivac  
  78  5:27  Supply Depot  
  78  5:28  Marine x2  
  78  5:30  Supply Depot  
  80  5:40  SCV, Command Center  
  80  5:41  SCV  
  82  5:45  Refinery  
  81  5:50  Medivac  
  81  5:52  SCV  
  81  5:54  SCV  
  84  6:01  Medivac  
  86  6:04  SCV  
  86  6:05  Terran Infantry Weapons Level 1  
  84  6:13  Marine x2  
  84  6:14  Marauder x2  
  84  6:16  SCV  
  84  6:17  SCV  
  84  6:18  Liberator x2  
  92  6:22  Barracks  
  92  6:27  Barracks  
  90  6:35  Marine  
  90  6:36  Marauder x2  
  90  6:39  SCV x2  
  100  6:47  Marine, Widow Mine  
  100  6:51  SCV  
  100  6:53  SCV, Marine  
  103  6:57  Supply Depot, Marauder  
  103  6:58  Supply Depot  
  102  7:02  Liberator  
  102  7:03  SCV  
  102  7:06  Marine  
  102  7:07  Marauder  
  102  7:08  SCV, Orbital Command  
  104  7:10  Barracks Reactor  
  104  7:14  Barracks Tech Lab  
  104  7:16  Marine, Widow Mine  
  104  7:19  Marauder  
  112  7:24  Marine, Liberator  
  112  7:28  Marauder  
  110  7:34  Marauder, Marine  
  109  7:40  Marine  
  109  7:42  Marine  
  102  7:46  SCV x2  
  102  7:47  Marine  
  102  7:48  Marine, Widow Mine  
  102  7:50  SCV  
  103  7:54  Marine  
  103  7:55  Marauder, Marine  
  95  7:58  SCV, Marauder  
  95  8:00  Marine  
  95  8:03  SCV  
  97  8:06  Marine  
  97  8:10  SCV  
  99  8:15  Marine  
  100  8:26  SCV x2  
  100  8:27  SCV  
  103  8:31  Terran Infantry Armor Level 1, Missile Turret  
  103  8:38  Medivac, SCV  
  103  8:39  SCV  
  107  8:46  SCV  
  107  8:50  Marine  
  107  8:51  SCV x2, Marauder  
  108  8:58  SCV  
  108  9:01  Marauder, Marine x2  
  112  9:03  SCV  
  112  9:04  SCV  
  114  9:12  Medivac x2  
  116  9:28  Marauder, Marine x3  
  116  9:29  Marauder  
  116  9:31  SCV  
  123  9:41  Marine  
  123  9:42  Marauder  
  117  9:45  Marine  
  117  9:47  Marine  
  117  9:49  Marine  
  103  9:53  SCV  
  103  9:55  Orbital Command  
  103  9:57  SCV  
  100  10:05  SCV  
  89  10:09  SCV  
  89  10:13  Medivac  
  86  10:16  Liberator  
  86  10:17  SCV  
  86  10:23  Missile Turret  
  86  10:25  SCV  
  86  10:28  SCV  
  91  10:36  SCV  
  91  10:37  SCV  
  91  10:40  SCV  
  91  10:41  Concussive Shells  
  94  10:48  SCV, Marine x3, Liberator, Marauder  
  100  10:52  SCV x2  
  102  11:00  SCV  
  102  11:01  Marauder, Marine  
  102  11:04  SCV x2  
  110  11:12  SCV  
  110  11:13  Marauder, Marine x3  
  110  11:16  SCV x2  
  110  11:17  Marauder  
  119  11:19  Marine  
  119  11:23  Marauder  
  122  11:29  Refinery  
  122  11:31  Marine x2  
  121  11:35  Marauder  
  121  11:36  Marine  
  121  11:37  Marine  
  121  11:38  Marauder  
  127  11:44  Marauder  
  127  11:45  Armory  
  132  11:48  Factory Tech Lab  
  132  11:49  Marine  
  132  11:50  Marine  
  132  11:53  Starport  
  130  11:56  Marauder  
  132  12:04  Marauder, Marine x2  
  132  12:07  Marine  
  135  12:14  Marine  
  104  12:16  Marine  
  104  12:18  Marauder  

Tags
 
Add a new tag
Caveats
  • Supply blocks, unpowered buildings, or Contaminate may cause inaccurate times.
  • Supply counts are checked every 10 seconds.